 Dungeon Crawl Stone Soup version 0.20.1-1-g8b1a95d (webtiles) character file.

25100 Chaobot the Cleaver (level 13, -1/84 HPs)
             Began as a Gargoyle Berserker on Sept 27, 2017.
             Was a High Priest of Trog.
             Slain by a molten gargoyle
             ... wielding a +0 flail
              (2 damage)
             ... on level 4 of the Lair of Beasts.
             The game lasted 00:02:26 (15903 turns).

Chaobot the Cleaver (Gargoyle Berserker)           Turns: 15903, Time: 00:02:27

Health: -1/84      AC: 27    Str: 25    XL:     13   Next: 17%
Magic:  13/13      EV:  7    Int:  9    God:    Trog [*****.]
Gold:   647        SH: 18    Dex: 12    Spells: 12/12 levels left

rFire    + + +     SeeInvis .   Y - +2 war axe (flame)
rCold    + + .     Gourm    .   v - +0 large shield
rNeg     + . .     Faith    +   x - +3 chain mail {rC+}
rPois    ∞         Spirit   .   s - +0 helmet
rElec    +         Reflect  .   r - scarf {rC+ rF+}
rCorr    .         Harm     .   t - +1 pair of gloves
MR       .....                  (no boots)
Stlth    ..........             f - amulet of faith
Regen    0.3/turn               w - ring of protection from fire
MPRegen  0.2/turn               j - +3 ring of dexterity

@: no status effects
A: hooves 1, fire resistance 1, negative energy resistance 1, electricity
resistance, unbreathing, petrification resistance, rot immunity, AC +9
a: Berserk, Trog's Hand, Brothers in Arms, Burn Spellbooks, Renounce Religion


You were on level 4 of the Lair of Beasts.
You worshipped Trog.
Trog was extremely pleased with you.
You were not hungry.

You visited 2 branches of the dungeon, and saw 15 of its levels.

You collected 892 gold pieces.
You spent 245 gold pieces at shops.


Innate Abilities, Weirdness & Mutations

You are resistant to torment.
Your stone body is resilient. (AC +9)
You are immune to poison.
You resist negative energy. (rN+)
You are resistant to electric shocks. (rElec)
You can survive without breathing.
You are immune to petrification.
You are immune to rotting.
You have large cloven feet.
Your flesh is heat resistant. (rF+)


   Skills:
 - Level 11.1 Fighting
 - Level 13.0 Axes
 - Level 10.0 Armour
 - Level 3.2 Dodging
 + Level 10.8 Shields


You had 12 spell levels left.
You didn't know any spells.

Inventory:

Hand Weapons
 Y - a +2 war axe of flaming (weapon)
Missiles
 o - 13 tomahawks
 y - 3 javelins (quivered)
 C - a silver javelin
Armour
 b - a +0 plate armour
 i - a +0 cloak
 r - a scarf of resistance (worn)
 s - a +0 helmet (worn)
 t - a +1 pair of gloves (worn)
 v - a +0 large shield (worn)
 x - a +3 chain mail of cold resistance (worn)
Jewellery
 f - an amulet of faith (around neck)
 j - a +3 ring of dexterity (right hand)
 w - a ring of protection from fire (left hand)
 z - an uncursed ring of protection from fire
Wands
 k - a wand of iceblast (4/15)
Scrolls
 a - 3 scrolls of teleportation
 d - 2 scrolls of remove curse
 u - 4 scrolls of identify
Potions
 g - 4 potions of curing
 l - 3 potions of haste
 m - 2 potions of cancellation
 n - 7 potions of mutation
 q - 7 potions of heal wounds
 A - 3 potions of might
 B - a potion of resistance
Comestibles
 c - 9 bread rations
 e - 16 fruits
 h - 9 meat rations
 F - 11 royal jellies

Dungeon Overview and Level Annotations

Branches:
Dungeon (11/15)            Temple (0/1) D:7            Lair (4/6) D:11
  Swamp (0/4) Lair:3       Spider (0/4) Lair:2          Orc (0/2) D:10

Altars:
Gozag

Shops:
D:7 *   D:8 =

Annotations:
D:4 Natasha
D:9 2 runed doors


Message History

The molten gargoyle blasts magma at you!
The bolt of magma hits you! You partially resist.
You block the lava snake's attack.
The molten gargoyle blasts magma at you!
The bolt of magma hits you!
The lava snake bites you but does no damage.
The molten gargoyle blasts magma at you!
The bolt of magma hits you! You partially resist.
You block the lava snake's attack.
The molten gargoyle hits you but does no damage.
The lava snake spits lava at you. The glob of lava hits you!
You block the molten gargoyle's attack. You block the lava snake's attack.
The molten gargoyle hits you but does no damage.
The lava snake bites you but does no damage.
You block the lava snake's attack. The molten gargoyle barely misses you.
You block the lava snake's attack.
The molten gargoyle hits you with a flail!
You are engulfed in flames.
You resist.
You die...

# ### #~~
#<# ##~~~.
##¤##~¤~..¤
##¤.9¤~¤..#
#8~S@...~##
##¤.~~~~~#
##.##~~¤¤#
#<# ##¤¤¤#
### ##~¤ #


You could see a molten gargoyle and a lava snake.

Vanquished Creatures
  3 hydras
  Erica (Lair:1)
  4 two-headed ogres
  Urug (D:10)
  An unseen horror (D:10)
  Pikel (D:4)
  A cyclops (D:11)
  Maurice (D:11)
  5 spiny frogs
  3 komodo dragons
  A hornet (D:8)
  3 blink frogs (Lair:1)
  5 dream sheep (Lair:2)
  Prince Ribbit (D:7)
  The ghost of bepotato the Cutter, an amateur DEWr (D:6)
  4 hippogriffs
  2 redbacks (Lair:2)
  Eustachio (D:4)
  17 yaks
  A human (D:7)
  4 hogs (D:7)
  A basilisk (Lair:1)
  Menkaure (D:7)
  Edmund (D:6)
  4 porcupines
  5 water moccasins
  Duvessa (D:4)
  10 orc warriors
  3 ice beasts
  3 black bears
  2 slaves (D:4)
  2 ogres
  2 phantoms
  2 necrophages (D:8)
  3 sky beasts
  3 centaurs
  3 crocodiles
  2 big kobolds
  Blork the orc (D:6)
  9 bullfrogs
  Dowan (D:4)
  A wyvern skeleton (D:11)
  6 scorpions
  A water moccasin skeleton (D:7)
  5 wights (D:8)
  7 howler monkeys
  A bullfrog zombie (D:11)
  3 crimson imps
  A lava snake (Lair:4)
  A centaur zombie (D:8)
  A gnoll shaman (D:5)
  3 quasits
  3 jellies
  9 hounds
  8 orc priests
  3 centaur skeletons
  4 bullfrog skeletons
  Ijyb (D:4)
  8 iguanas
  Natasha (D:4)
  12 orc wizards
  6 worker ants
  Robin (D:2)
  A howler monkey skeleton (D:4)
  12 adders
  13 gnolls
  5 shadow imps
  5 oozes
  2 adder skeletons
  3 worms
  2 dart slugs
  8 leopard geckos
  59 orcs
  4 giant cockroaches
  19 goblins
  7 hobgoblins
  5 jackals
  3 quokkas
  5 bats
  5 frilled lizards
  A giant cockroach zombie (D:5)
  3 jackal skeletons
  18 kobolds
  A leopard gecko skeleton (D:4)
  A quokka skeleton (D:4)
  6 rats
  A plant (D:11)
395 creatures vanquished.

Vanquished Creatures (collateral kills)
  Snorg (Lair:3)
  An oklob plant (D:11)
  A hippogriff (Lair:3)
  A basilisk (Lair:3)
4 creatures vanquished.

Vanquished Creatures (others)
  A lava snake (Lair:4)
  Natasha (D:4)
  2 fungi (Lair:2)
  A plant (Lair:2)
5 creatures vanquished.

Grand Total: 404 creatures vanquished

Notes
Turn   | Place    | Note
-------+----------+-------------------------------------------
     0 | D:1      | Chaobot the Gargoyle Berserker began the quest for the Orb.
     0 | D:1      | Reached XP level 1. HP: 14/14 MP: 1/1
     0 | D:1      | 0 ||| counter = 4
    70 | D:1      | Reached skill level 3 in Axes
   281 | D:1      | 281 ||| INVOKING Berserk.
   282 | D:1      | Reached XP level 2. HP: 8/19 MP: 2/2
   766 | D:1      | Reached XP level 3. HP: 20/23 MP: 3/3
   816 | D:1      | 816 ||| DROPPING club.
  1154 | D:1      | 1154 ||| INVOKING Berserk.
  1477 | D:1      | Reached skill level 4 in Axes
  1486 | D:1      | 1486 ||| UPGRADING to cloak.
  1491 | D:1      | 1491 ||| READING 2 scrolls labeled MIABRI ZIQ.
  1496 | D:1      | 1496 ||| READING scroll labeled EMORAU JEACH.
  1497 | D:1      | 1497 ||| READING scroll labeled ZIALOF AGGI.
  1498 | D:1      | 1498 ||| DRINKING 2 inky potions.
  1498 | D:1      | Gained mutation: You have large cloven feet. [potion of mutation]
  1498 | D:1      | Gained mutation: Your flesh is heat resistant. (rF+) [potion of mutation]
  1661 | D:2      | 1661 ||| INVOKING Berserk.
  2071 | D:2      | Reached XP level 4. HP: 28/28 MP: 4/4
  2072 | D:2      | Noticed Robin
  2101 | D:2      | 2101 ||| INVOKING Berserk.
  2104 | D:2      | Killed Robin
  2104 | D:2      | Reached ** piety under Trog
  2188 | D:2      | 2188 ||| EATING royal jelly.
  2330 | D:2      | 2330 ||| UPGRADING to helmet.
  2335 | D:2      | 2335 ||| UPGRADING to chain mail.
  2345 | D:2      | 2345 ||| DROPPING +0 animal skin.
  2346 | D:2      | 2346 ||| READING scroll labeled XOECAM TOSK.
  2378 | D:3      | 2378 ||| INVOKING Berserk.
  2384 | D:3      | Reached skill level 5 in Axes
  2385 | D:3      | Reached XP level 5. HP: 32/32 MP: 5/5
  2388 | D:3      | 2388 ||| STAIRDANCE
  2455 | D:3      | 2455 ||| DROPPING whip.
  2839 | D:3      | Reached skill level 3 in Armour
  3040 | D:3      | Reached XP level 6. HP: 34/38 MP: 6/6
  3125 | D:3      | 3125 ||| SWAPPING to war axe.
  3158 | D:3      | 3158 ||| DROPPING +0 hand axe.
  3736 | D:3      | 3736 ||| UPGRADING to glowing ring mail.
  3746 | D:3      | 3746 ||| UPGRADING to +0 chain mail.
  3756 | D:3      | 3756 ||| DROPPING +0 ring mail of cold resistance.
  3757 | D:3      | 3757 ||| UPGRADING to pair of gloves.
  3762 | D:3      | 3762 ||| READING scroll labeled PODIDEQE UVVUG.
  3763 | D:3      | 3763 ||| DRINKING 2 brown potions.
  3764 | D:3      | 3764 ||| DROPPING potion of agility.
  3765 | D:3      | 3765 ||| DROPPING potion of degeneration.
  3944 | D:4      | Noticed Ijyb
  3947 | D:4      | 3947 ||| INVOKING Berserk.
  3954 | D:4      | Killed Ijyb
  4008 | D:4      | Noticed a slave
  4010 | D:4      | Noticed Pikel
  4010 | D:4      | Noticed a slave
  4012 | D:4      | Noticed a slave
  4016 | D:4      | Noticed a slave
  4024 | D:4      | Killed a slave
  4039 | D:4      | Killed a slave
  4119 | D:4      | Reached skill level 6 in Axes
  4148 | D:4      | Noticed Dowan
  4149 | D:4      | Noticed Duvessa
  4152 | D:4      | 4152 ||| INVOKING Berserk.
  4159 | D:4      | Killed Pikel
  4159 | D:4      | Reached skill level 7 in Axes
  4159 | D:4      | Reached XP level 7. HP: 43/43 MP: 7/7
  4163 | D:4      | Killed Duvessa
  4163 | D:4      | Reached *** piety under Trog
  4163 | D:4      | Reached XP level 8. HP: 48/48 MP: 8/8
  4165 | D:4      | Killed Dowan
  4166 | D:4      | 4166 ||| EATING 14 fruits.
  4200 | D:4      | 4200 ||| EATING 13 fruits.
  4254 | D:4      | Noticed Natasha
  4291 | D:4      | Killed Natasha
  4485 | D:4      | Killed Natasha
  4625 | D:4      | Noticed Eustachio
  4626 | D:4      | Noticed Natasha
  4642 | D:4      | Killed Eustachio
  4707 | D:4      | Reached skill level 8 in Axes
  4717 | D:4      | 4717 ||| DRINKING 3 dark potions.
  4718 | D:4      | 4718 ||| DRINKING 2 amethyst potions.
  4757 | D:5      | Entered Level 5 of the Dungeon
  4773 | D:5      | Received a gift from Trog
  4887 | D:5      | Reached skill level 6 in Fighting
  4910 | D:5      | 4910 ||| STAIRDANCE
  4947 | D:5      | 4947 ||| STAIRDANCE
  5622 | D:5      | 5622 ||| READING scroll of identify.
  5622 | D:5      | 5622 ||| IDENTIFYING diamond ring
  5623 | D:5      | 5623 ||| UPGRADING to ring of protection from fire.
  5736 | D:6      | Reached skill level 9 in Axes
  5736 | D:6      | Reached XP level 9. HP: 55/55 MP: 9/9
  5750 | D:6      | 5750 ||| INVOKING Berserk.
  5768 | D:6      | Noticed bepotato's ghost (amateur DEWr)
  5809 | D:6      | 5809 ||| INVOKING Berserk.
  5822 | D:6      | Killed bepotato's ghost
  5881 | D:6      | Reached **** piety under Trog
  5952 | D:6      | 5952 ||| INVOKING Berserk.
  6135 | D:6      | Noticed Blork the orc
  6143 | D:6      | Killed Blork the orc
  6143 | D:6      | Reached skill level 6 in Armour
  6170 | D:6      | Noticed Edmund
  6205 | D:6      | 6205 ||| STAIRDANCE
  6314 | D:5      | 6314 ||| READING scroll labeled PAGUGG QAITZOGI.
  6315 | D:5      | 6315 ||| DRINKING 2 green potions.
  6338 | D:5      | 6338 ||| EATING 12 fruits.
  6339 | D:5      | 6339 ||| READING 4 scrolls of identify.
  6339 | D:5      | 6339 ||| IDENTIFYING dented blue amulet
  6340 | D:5      | 6340 ||| UPGRADING to amulet of regeneration.
  6341 | D:5      | 6341 ||| READING 3 scrolls of identify.
  6341 | D:5      | 6341 ||| IDENTIFYING ring of protection from fire
  6342 | D:5      | 6342 ||| UPGRADING to ring of protection from fire.
  6343 | D:5      | 6343 ||| READING 2 scrolls of identify.
  6343 | D:5      | 6343 ||| IDENTIFYING tubular ruby ring
  6344 | D:5      | 6344 ||| DROPPING cursed ring of teleportation.
  6345 | D:5      | 6345 ||| DROPPING potion of lignification.
  6358 | D:6      | Killed Edmund
  6358 | D:6      | Reached skill level 10 in Axes
  6424 | D:6      | 6424 ||| READING scroll of enchant armour.
  6424 | D:6      | 6424 ||| ENCHANTING +0 pair of gloves.
  6585 | D:6      | 6585 ||| EATING 11 fruits.
  6604 | D:6      | 6604 ||| DROPPING flail.
  6821 | D:6      | 6821 ||| READING scroll labeled AFIOGA JOMEF.
  6822 | D:6      | 6822 ||| DRINKING 2 silvery potions.
  6823 | D:6      | 6823 ||| DROPPING potion of flight.
  6846 | D:7      | 6846 ||| INVOKING Berserk.
  6937 | D:7      | Noticed Prince Ribbit
  6942 | D:7      | 6942 ||| INVOKING Berserk.
  6945 | D:7      | Killed Prince Ribbit
  7015 | D:7      | Found a staircase to the Ecumenical Temple.
  7052 | D:7      | Reached XP level 10. HP: 65/65 MP: 10/10
  7152 | D:7      | 7152 ||| INVOKING Berserk.
  7245 | D:7      | Reached ***** piety under Trog
  7245 | D:7      | Reached skill level 9 in Fighting
  7301 | D:7      | 7301 ||| EATING 11 fruits.
  7375 | D:7      | 7375 ||| INVOKING Berserk.
  7425 | D:7      | 7425 ||| EATING 10 fruits.
  7504 | D:7      | Found Ilirhe's Incredible Inventory.
  7511 | D:7      | 7511 ||| EATING 9 fruits.
  7513 | D:7      | 7513 ||| SHOPLISTING +0 ice dragon scales (780 gold, have 411).
  7513 | D:7      | Bought a scroll of identify for 26 gold pieces
  7570 | D:7      | Noticed Menkaure
  7579 | D:7      | Killed Menkaure
  8172 | D:7      | 8172 ||| UPGRADING to plate armour.
  8182 | D:7      | 8182 ||| DROPPING +0 chain mail.
  8183 | D:7      | 8183 ||| READING scroll labeled NUFIEN BO WEU.
  8206 | D:7      | 8206 ||| READING 4 scrolls of identify.
  8206 | D:7      | 8206 ||| IDENTIFYING fizzy ruby potion
  8207 | D:7      | 8207 ||| READING 3 scrolls of identify.
  8207 | D:7      | 8207 ||| IDENTIFYING smoky pink potion
  8208 | D:7      | 8208 ||| READING 2 scrolls of identify.
  8208 | D:7      | 8208 ||| IDENTIFYING blue potion
  8209 | D:7      | 8209 ||| DROPPING potion of brilliance.
  8210 | D:7      | 8210 ||| DROPPING potion of ambrosia.
  8333 | D:8      | Found Putuxt's Jewellery Emporium.
  8337 | D:8      | Bought a +3 ring of dexterity for 219 gold pieces
  8337 | D:8      | 8337 ||| SHOPLISTING +5 amulet of reflection (576 gold, have 223).
  8337 | D:8      | 8337 ||| SHOPLISTING ring of protection from magic (350 gold, have 223).
  8374 | D:8      | 8374 ||| INVOKING Berserk.
  8494 | D:8      | Reached skill level 11 in Axes
  8647 | D:8      | 8647 ||| INVOKING Berserk.
  8693 | D:8      | 8693 ||| DROPPING flail of protection.
  8718 | D:8      | 8718 ||| INVOKING Berserk.
  8864 | D:8      | Reached skill level 9 in Armour
  8895 | D:8      | Noticed a two-headed ogre
  8905 | D:8      | 8905 ||| INVOKING Berserk.
  8906 | D:8      | Reached XP level 11. HP: 71/71 MP: 11/11
  8910 | D:8      | Killed a two-headed ogre
  9035 | D:8      | 9035 ||| INVOKING Berserk.
  9315 | D:8      | 9315 ||| UPGRADING to +3 ring of dexterity.
  9317 | D:8      | 9317 ||| READING scroll labeled UNIGOM DAWYKUQ.
  9318 | D:8      | 9318 ||| READING scroll labeled QIYLUR MOPABRA.
  9319 | D:8      | 9319 ||| READING 2 scrolls of identify.
  9319 | D:8      | 9319 ||| IDENTIFYING coppery potion
  9320 | D:8      | 9320 ||| DROPPING potion of invisibility.
  9438 | D:9      | 9438 ||| INVOKING Berserk.
  9544 | D:9      | 9544 ||| INVOKING Berserk.
  9546 | D:9      | Reached skill level 12 in Axes
  9829 | D:9      | 9829 ||| INVOKING Burn Spellbooks.
  9916 | D:9      | Noticed a fire dragon
  9917 | D:9      | Noticed a fire dragon
  9917 | D:9      | Noticed an ice dragon
  9919 | D:9      | Noticed an ice dragon
  9960 | D:9      | Found a runed door.
  9965 | D:9      | 9965 ||| INVOKING Brothers in Arms.
  9999 | D:9      | Found a runed door.
 10010 | D:9      | 10010 ||| UPGRADING to morningstar of protection.
 10011 | D:9      | 10011 ||| SWAPPING to +1 war axe.
 10165 | D:9      | 10165 ||| READING scroll labeled RIULIR UTRU.
 10166 | D:9      | 10166 ||| READING scroll labeled HEDWEX KITRUHU.
 10191 | D:9      | 10191 ||| READING scroll labeled QEIHOG JOLUOSMINT.
 10192 | D:9      | 10192 ||| DROPPING +0 morningstar of protection.
 10193 | D:9      | 10193 ||| READING scroll labeled AXTETHIA ISAWO.
 10232 | D:10     | Entered Level 10 of the Dungeon
 10232 | D:10     | Noticed a two-headed ogre
 10234 | D:10     | 10234 ||| INVOKING Berserk.
 10239 | D:10     | Killed a two-headed ogre
 10240 | D:10     | 10240 ||| EATING 10 fruits.
 10272 | D:10     | 10272 ||| EATING 9 fruits.
 10320 | D:10     | Noticed Urug
 10325 | D:10     | 10325 ||| INVOKING Berserk.
 10332 | D:10     | Killed Urug
 10332 | D:10     | Received a gift from Trog
 10332 | D:10     | Reached skill level 3 in Dodging
 10344 | D:10     | 10344 ||| READING 8 scrolls of teleportation.
 10438 | D:10     | 10438 ||| EATING 6 bread rations.
 10462 | D:10     | 10462 ||| Invisible monster not found???
 10510 | D:10     | Killed an unseen horror
 10518 | D:10     | 10518 ||| INVOKING Berserk.
 10615 | D:10     | Found an opulent altar of Gozag.
 10730 | D:10     | 10730 ||| INVOKING Berserk.
 11098 | D:10     | Found a staircase to the Orcish Mines.
 11144 | D:10     | 11144 ||| INVOKING Berserk.
 11730 | D:10     | 11730 ||| UPGRADING to glowing chain mail.
 11740 | D:10     | 11740 ||| READING scroll labeled GEKHLI DIMOSIRCH.
 11741 | D:10     | 11741 ||| READING 3 scrolls of identify.
 11741 | D:10     | 11741 ||| IDENTIFYING viscous coppery potion
 11742 | D:10     | 11742 ||| READING 2 scrolls of identify.
 11742 | D:10     | 11742 ||| IDENTIFYING puce potion
 11743 | D:10     | 11743 ||| DROPPING potion of berserk rage.
 11744 | D:10     | 11744 ||| DROPPING potion of magic.
 11826 | D:11     | Noticed a cyclops
 11827 | D:11     | 11827 ||| INVOKING Berserk.
 11830 | D:11     | Killed a cyclops
 11863 | D:11     | 11863 ||| EATING 12 fruits.
 11872 | D:11     | Noticed a two-headed ogre
 11873 | D:11     | 11873 ||| INVOKING Berserk.
 11876 | D:11     | Killed a two-headed ogre
 11876 | D:11     | Reached XP level 12. HP: 77/77 MP: 12/12
 11893 | D:11     | 11893 ||| EATING 11 fruits.
 11975 | D:11     | Noticed Maurice
 11990 | D:11     | Killed Maurice
 11991 | D:11     | 11991 ||| EATING 10 fruits.
 12222 | D:11     | Reached skill level 13 in Axes
 12268 | D:11     | 12268 ||| EATING 9 fruits.
 12272 | D:11     | Found a staircase to the Lair.
 12378 | D:11     | 12378 ||| INVOKING Brothers in Arms.
 12382 | D:11     | 12382 ||| INVOKING Berserk.
 12467 | D:11     | Noticed a two-headed ogre
 12473 | D:11     | Killed a two-headed ogre
 12696 | D:11     | 12696 ||| UPGRADING to large shield.
 12701 | D:11     | 12701 ||| READING scroll of identify.
 12701 | D:11     | 12701 ||| IDENTIFYING dented cabochon amulet
 12702 | D:11     | 12702 ||| UPGRADING to amulet of faith.
 12704 | D:11     | 12704 ||| DROPPING amulet of regeneration.
 12756 | Lair:1   | Entered Level 1 of the Lair of Beasts
 12757 | Lair:1   | 12757 ||| Entered L.
 12763 | Lair:1   | 12763 ||| EATING 8 fruits.
 12782 | Lair:1   | Reached skill level 1 in Shields
 12839 | Lair:1   | 12839 ||| INVOKING Berserk.
 12848 | Lair:1   | 12848 ||| READING 7 scrolls of teleportation.
 12851 | Lair:1   | 12851 ||| READING 6 scrolls of teleportation.
 12858 | Lair:1   | Reached skill level 3 in Shields
 12862 | Lair:1   | 12862 ||| READING 5 scrolls of teleportation.
 13047 | Lair:1   | 13047 ||| INVOKING Berserk.
 13181 | Lair:1   | Noticed Erica
 13183 | Lair:1   | 13183 ||| INVOKING Berserk.
 13190 | Lair:1   | Killed Erica
 13524 | Lair:1   | Noticed a four-headed hydra
 13527 | Lair:1   | Reached skill level 6 in Shields
 13531 | Lair:1   | 13531 ||| INVOKING Berserk.
 13535 | Lair:1   | Killed a two-headed hydra
 13792 | Lair:1   | 13792 ||| READING scroll labeled UVIAPY ISM.
 13792 | Lair:1   | Identified a scroll of acquirement
 13794 | Lair:1   | 13794 ||| UPGRADING to embroidered scarf.
 13838 | Lair:2   | 13838 ||| STAIRDANCE
 13843 | Lair:2   | 13843 ||| STAIRDANCE
 13988 | Lair:2   | 13988 ||| STAIRDANCE
 14040 | Lair:1   | 14040 ||| UPGRADING to wooden ring.
 14042 | Lair:1   | 14042 ||| REMOVING +3 ring of intelligence.
 14043 | Lair:1   | 14043 ||| UPGRADING to ring of protection from fire.
 14044 | Lair:1   | 14044 ||| DROPPING +3 ring of intelligence.
 14047 | Lair:2   | 14047 ||| STAIRDANCE
 14216 | Lair:2   | Reached skill level 9 in Shields
 14419 | Lair:2   | Found a hole to the Spider Nest.
 14436 | Lair:2   | Noticed a six-headed hydra
 14447 | Lair:2   | Noticed a six-headed hydra
 14460 | Lair:2   | 14460 ||| INVOKING Berserk.
 14464 | Lair:2   | Killed a three-headed hydra
 14464 | Lair:2   | Reached ****** piety under Trog
 14464 | Lair:2   | Reached XP level 13. HP: 83/83 MP: 13/13
 14474 | Lair:2   | 14474 ||| READING 4 scrolls of teleportation.
 14770 | Lair:2   | 14770 ||| EATING 17 fruits.
 14791 | Lair:2   | 14791 ||| INVOKING Berserk.
 15190 | Lair:2   | 15190 ||| READING scroll labeled SUSTRE FEZXUDIS.
 15191 | Lair:2   | 15191 ||| READING scroll labeled LUNYMI MALYASAPIALL.
 15222 | Lair:3   | Noticed Snorg
 15223 | Lair:3   | 15223 ||| INVOKING Brothers in Arms.
 15226 | Lair:3   | Killed Snorg
 15276 | Lair:3   | Found a staircase to the Swamp.
 15556 | Lair:3   | Found a labyrinth entrance.
 15579 | Lair:3   | 15579 ||| READING scroll of enchant weapon.
 15579 | Lair:3   | 15579 ||| ENCHANTING +1 war axe of flaming.
 15748 | Lair:3   | 15748 ||| INVOKING Burn Spellbooks.
 15823 | Lair:4   | 15823 ||| STAIRDANCE
 15879 | Lair:3   | 15879 ||| EATING 17 fruits.
 15897 | Lair:4   | HP: 6/84 [molten gargoyle/bolt of magma (18)]
 15903 | Lair:4   | HP: 1/84 [molten gargoyle/flail (7)]
 15903 | Lair:4   | Slain by a molten gargoyle

Vault maps used:
D:1:      dpeg_arrival_simpleton_b
D:2:      uniq_robin
D:3:      serial_curves, eino_curves_03, eino_curves_02, dk_vineyard_2,
          cheibrodos_gnoll_hut
D:4:      first_bread, corexii_shack, uniq_pikel, uniq_natasha, uniq_ijyb,
          uniq_eustachio, uniq_duvessa
D:6:      uniq_blork_the_orc, uniq_edmund
D:7:      minmay_temple_entry_enclosed_plants, grunt_livestock,
          nicolae_alphabet_shops, uniq_prince_ribbit1, uniq_menkaure
D:8:      serial_shops, nicolae_shop_temple_entry_statues_fountains
D:9:      minmay_guarded_unrand_resistance
D:10:     minmay_ornate_pinched, hiddenorc2_lemuel, minivault_26,
          nicolae_gozag_seed_capital, uniq_urug
D:11:     dpeg_oklobed_lair, uniq_maurice
Lair:1:   beast_lair_carwin_large_1, lemuel_fruit_tree, uniq_erica
Lair:2:   spider_nest_entry_a, beast_lair_carwin_4
Lair:3:   swamp_mist, lab_entry_generic, uniq_snorg
Lair:4:   cheibrodos_magma_flow, enter_volcano_3,
          portal_ice_cave_entry_animals_and_master, lemuel_another_geyser

Skill      XL: |  1  2  3  4  5  6  7  8  9 10 11 12 13 |
---------------+----------------------------------------+-----
Axes           | 3 4 5 7 9 10 11 12 13 | 13.0
Fighting       | 4 6 8 9 10 11 | 11.1
Armour         | 3 4 6 9 10 | 10.0
Dodging        | 2 3 |  3.2
Shields        | 10 | 10.8

Action                   |  1- 3 |  4- 6 |  7- 9 | 10-12 | 13-15 || total
-------------------------+-------+-------+-------+-------+-------++-------
Melee: Hand axe          |    82 |   107 |       |       |       ||   189
       Kick              |     2 |    36 |    59 |   225 |     7 ||   329
       War axe           |       |    75 |   248 |   636 |    36 ||   995
       Unarmed           |       |       |     7 |       |       ||     7
Throw: Javelin           |    28 |    31 |    36 |   127 |    10 ||   232
       Tomahawk          |       |       |       |    21 |       ||    21
Invok: Berserk           |     3 |     4 |     5 |    22 |     1 ||    35
       Brothers in Arms  |       |       |       |     2 |     1 ||     3
       Burn Spellbooks   |       |       |       |     1 |     1 ||     2
  Use: Scroll            |     3 |     2 |     7 |    20 |     4 ||    36
       Potion            |     1 |     1 |     4 |       |       ||     6
 Stab: Distracted        |       |       |       |       |     1 ||     1
  Eat: Chunk             |     6 |     7 |    12 |    36 |     5 ||    66
       Royal jelly       |       |     1 |       |       |       ||     1
       Fruit             |       |       |     4 |    10 |     2 ||    16
Armor: Animal skin       |    17 |     6 |       |       |       ||    23
       Chain mail        |       |   106 |   166 |   127 |    46 ||   445
       Plate armour      |       |       |       |   208 |       ||   208
Dodge: Dodged            |    43 |    77 |   112 |   158 |     8 ||   398
Block: Large shield      |       |       |       |    98 |    59 ||   157
